[Event "*** SCC Grand Prix: Titled Tuesday Blitz"]
[Site "Chess.com"]
[Date "2020.06.23"]
[Round "7"]
[White "Chessdreamer2020"]
[Black "DenisQ"]
[Result "0-1"]
[WhiteElo "2479"]
[BlackElo "2641"]
[TimeControl "180+1"]
[EndTime "11:17:31 PDT"]
[Termination "DenisQ won by resignation"]

1. e4 c6 2. Nc3 d5 3. Nf3 Bg4 4. h3 Bh5 5. exd5 cxd5 6. g4 Bg6 7. Bb5+ Nc6 8. Ne5 Rc8 9. h4 f6 10. Nxg6 hxg6 11. d4 e6 12. Qd3 Kf7 13. Bxc6 Rxc6 14. Bd2 Bb4 15. O-O-O Ne7 16. h5 gxh5 17. Rxh5 Rxh5 18. gxh5 Bxc3 19. Bxc3 Qh8 20. Rh1 Nf5 21.
Kb1 Rc4 22. b3 Rc7 23. Bd2 a6 24. c3 b5 25. Qe2 Qh7 26. Kb2 Nd6 27. Rh3 Ne4 28.
Be1 Qf5 29. Rf3 Qxh5 30. Qe3 Qg5 31. Qd3 Qg4 32. Re3 Qf5 33. Rf3 Qg5 34. Re3 Qf5 35. Rf3 Qg6 36. Re3 Qg2 37. Re2 Nd6 38. Qe3 Re7 39.
f3 Qf1 40. Rf2 Nf5 41. Qd2 Qg1 42. Rg2 Qe3 43. Qc2 Qxe1 0-1

[Event "*** SCC Grand Prix: Titled Tuesday Blitz"]
[Site "Chess.com"]
[Date "2020.06.23"]
[Round "7"]
[White "Alindsay211"]
[Black "2007checkmate"]
[Result "1-0"]
[WhiteElo "2317"]
[BlackElo "2436"]
[TimeControl "180+1"]
[EndTime "11:17:32 PDT"]
[Termination "Alindsay211 won on time"]

1. e4 e5 2. Nf3 Nc6 3. Bc4 Bc5 4. d4 Bxd4 5. c3 Bb6 6. b4 Nf6 7. a4 a6 8. O-O d6 9. Bg5 h6 10. Bxf6 Qxf6 11. h3 O-O 12. Nbd2 Be6 13. Qb3 Ne7 14.
a5 Ba7 15. b5 axb5 16. Qxb5 Rab8 17. Bxe6 fxe6 18. Qd7 Rbc8 19. Rfb1 Rfd8 20. Qa4 Rb8 21. a6 bxa6 22. Qxa6 Bb6 23. Nc4 Bc5 24. Qa5 c6 25. Ncxe5 Bxf2+ 26. Kxf2 dxe5 27. Qxe5 Rd2+ 28. Kg1 Qxe5 29.
Nxe5 Rf8 30. Rf1 Rb8 31. Rfd1 Re2 32. Re1 Rbb2 33. Rxe2 Rxe2 34. Ra4 Re3 35. Rc4 g5 36. Kf2 Ng6 37. Nxg6 Rd3 38. Ne5 Rd2+ 39. Kf1 Kg7 40. Rxc6 Kf6 41. Nf3 Rd1+ 42. Kf2 Ra1 43. Kg3 h5 44.
Rc5 h4+ 45. Kh2 g4 46. hxg4 1-0

[Event "*** SCC Grand Prix: Titled Tuesday Blitz"]
[Site "Chess.com"]
[Date "2020.06.23"]
[Round "7"]
[White "RusPakhom"]
[Black "Grineva_Marianna"]
[Result "0-1"]
[WhiteElo "2331"]
[BlackElo "2202"]
[TimeControl "180+1"]
[EndTime "11:17:32 PDT"]
[Termination "Grineva_Marianna won by resignation"]

1. e4 d6 2. d4 Nf6 3. Nc3 g6 4.
Bg5 Bg7 5. Qd2 h6 6. Bh4 O-O 7. f4 e5 8. dxe5 Nxe4 9. Bxd8 Nxd2 10.
Bxc7 Nxf1 11. Kxf1 dxe5 12. fxe5 Nc6 13. Nf3 Bg4 14. Re1 Rfe8 15. Nd5 Bxf3 16. gxf3 Nxe5 17.
Kf2 Nc4 18. b3 Bd4+ 19. Kg3 Nb6 20. Bxb6 axb6 21. a4 Kg7 22. Rd1 Be5+ 23. Kf2 Rac8 24. c4 Rc6 25. Rhe1 Rce6 26. f4 Bd4+ 27. Kf1 Bc5 28.
Rxe6 Rxe6 29. Re1 Kf8 30. Rxe6 fxe6 31. Nc3 Kf7 32. Ke2 Bd4 33. Ne4 Bg1 34. h3 Ke7 35. Kf3 Bh2 36. Nf6 Kxf6 0-1

[Event "*** SCC Grand Prix: Titled Tuesday Blitz"]
[Site "Chess.com"]
[Date "2020.06.23"]
[Round "7"]
[White "leoduarte"]
[Black "dolynachess"]
[Result "0-1"]
[WhiteElo "2263"]
[BlackElo "2451"]
[TimeControl "180+1"]
[EndTime "11:17:34 PDT"]
[Termination "dolynachess won on time"]

1. e4 c5 2. Nf3 d6 3. d4 cxd4 4. Nxd4 Nf6 5. Nc3 a6 6. Be3 e5 7. Nb3 Be6 8. Qd2 Nbd7 9. f3 h5 10.
O-O-O Qc7 11. h3 h4 12. f4 Rc8 13. f5 Bc4 14. Kb1 b5 15. Bg5 b4 16. Nd5 Bxd5 17.
exd5 Ne4 18. Qc1 Nxg5 19. Bxa6 Be7 20. Bxc8 Qxc8 21. Na5 Ne4 22. Qe3 Qc5 23. Qxe4 Qxa5 24. Qg4 Bf6 25. Rhe1 Ke7 26. Re4 Rb8 27. Rc4 Nc5 28.
a3 bxa3 29. b4 a2+ 30. Ka1 e4+ 31. c3 Rxb4 32. Rxb4 Qxb4 33. Kxa2 Qxc3 0-1

[Event "*** SCC Grand Prix: Titled Tuesday Blitz"]
[Site "Chess.com"]
[Date "2020.06.23"]
[Round "7"]
[White "Schachmalanders"]
[Black "Camels1981"]
[Result "1-0"]
[WhiteElo "2341"]
[BlackElo "2309"]
[TimeControl "180+1"]
[EndTime "11:17:34 PDT"]
[Termination "Schachmalanders won on time"]

1. e4 c5 2. Nc3 g6 3. g3 Bg7 4. Bg2 Nc6 5. Nge2 e6 6. O-O Nge7 7. d3 b6 8. Be3 Bb7 9. Qd2 O-O 10. Bh6 d5 11.
exd5 exd5 12. Bxg7 Kxg7 13. Nf4 d4 14. Ne4 Ne5 15. Qe2 Qc7 16. Rfe1 Rae8 17. Nxc5 Qxc5 18. Qxe5+ Qxe5 19. Rxe5 Bxg2 20. Kxg2 Nf5 21. Rd5 Rc8 22. Rc1 h6 23. g4 Nh4+ 24. Kg3 g5 25. Nh5+ Kh8 26.
Rxd4 f5 27. f4 Rce8 28. Rd6 Re3+ 29. Kf2 Rf3+ 30. Kg1 fxg4 31. Rxh6+ Kg8 32. Rf1 Nf5 33. Rg6+ Kh7 34. Rxg5 Rxf1+ 35. Kxf1 Ne3+ 36. Kf2 Nxc2 37. Kg3 Ne3 38. Re5 1-0

[Event "*** SCC Grand Prix: Titled Tuesday Blitz"]
[Site "Chess.com"]
[Date "2020.06.23"]
[Round "7"]
[White "gmcorrales"]
[Black "Reader777"]
[Result "1-0"]
[WhiteElo "2820"]
[BlackElo "2693"]
[TimeControl "180+1"]
[EndTime "11:17:36 PDT"]
[Termination "gmcorrales won by resignation"]

1. e4 c5 2. Nf3 d6 3. d4 cxd4 4. Nxd4 e6 5. Nc3 Nc6 6. Be3 Nf6 7. f3 Be7 8. Qd2 a6 9. O-O-O Qc7 10. g4 Nd7 11. h4 b5 12. Nxc6 Qxc6 13. Ne2 Bb7 14.
Nd4 Qc7 15. g5 Ne5 16. h5 Nc4 17. Bxc4 Qxc4 18. b3 Qc7 19. g6 Bf6 20. Bg5 Be5 21. Bf4 Bxd4 22. Qxd4 e5 23. gxf7+ Kf8 24. Qxd6+ Qxd6 25.
Rxd6 exf4 26. Rhd1 Rb8 27. Rd7 Bc6 28. Rc7 Ba8 29.
Rd6 g5 30. h6 g4 31. fxg4 Bxe4 32. Rxa6 Bg6 33. Rf6 Rd8 34. Rxf4 Ra8 35. Kb2 Rd8 36. g5 Rb8 37. Rf6 Rd8 38. Rb6 Be4 39. Rxb5 Bd5 40.
Rxd5 Rxd5 41. Rc8+ Kxf7 42. Rxh8 Rxg5 43. Rxh7+ 1-0

[Event "*** SCC Grand Prix: Titled Tuesday Blitz"]
[Site "Chess.com"]
[Date "2020.06.23"]
[Round "7"]
[White "novendrapriasmoro"]
[Black "RaunakSadhwani2005"]
[Result "0-1"]
[WhiteElo "2611"]
[BlackElo "2880"]
[TimeControl "180+1"]
[EndTime "11:17:37 PDT"]
[Termination "RaunakSadhwani2005 won on time"]

1. e4 c6 2. d4 d5 3. Nd2 g6 4. Ngf3 Bg7 5. h3 dxe4 6. Nxe4 Nf6 7.
Nxf6+ exf6 8. Bd3 O-O 9. O-O Na6 10. c3 Nc7 11. Bd2 Be6 12. Qc2 Qd7 13. Rfe1 Rfe8 14. Rad1 a5 15. c4 a4 16. Bc3 Bxh3 17. gxh3 Qxh3 18.
Nh2 Ne6 19. Bf1 Qh5 20. Qe2 Qg5+ 21. Qg4 a3 22. b3 h5 23. Qxg5 fxg5 24. Ba1 g4 25. d5 Nf4 26. Bxg7 Kxg7 27. Rxe8 Rxe8 28. d6 c5 29. Bg2 b6 30. Nf1 Ne2+ 31. Kh2 Nd4 32.
Nd2 Rd8 33. Nb1 Rxd6 34. Nxa3 Re6 35. Bf1 f5 36. Nb5 Nf3+ 37. Kh1 h4 38. Nc3 h3 39.
Nd5 g5 40. Ne3 Nd4 41. Bd3 Kf6 42. Re1 Kf7 43. Rd1 Re5 44. Rb1 Kg7 45. b4 Kh6 46. bxc5 bxc5 47. Rb6+ Kh5 48. a4 g3 49. Kg1 Rxe3 50. fxe3 Nf3+ 0-1

[Event "*** SCC Grand Prix: Titled Tuesday Blitz"]
[Site "Chess.com"]
[Date "2020.06.23"]
[Round "7"]
[White "Ze-Pequeno"]
[Black "ErikRonka"]
[Result "1-0"]
[WhiteElo "2182"]
[BlackElo "2368"]
[TimeControl "180+1"]
[EndTime "11:17:37 PDT"]
[Termination "Ze-Pequeno won by resignation"]

1. e4 c5 2. Nf3 e6 3. d4 cxd4 4. Nxd4 d6 5. c4 Nf6 6. Nc3 Be7 7. Be2 O-O 8. O-O Nbd7 9. Be3 a6 10. f3 b6 11. Qd2 Qc7 12. Rfc1 Bb7 13. a4 Ne5 14. b3 Rac8 15. Bf1 Rfd8 16. Qf2 h5 17. Kh1 h4 18.
Rab1 Nh5 19. Kg1 Rd7 20. Be2 Ng6 21. Nc2 Bd8 22. f4 Nf6 23. Bf3 Bc6 24. Nd4 Ba8 25. f5 exf5 26. Nxf5 Ne5 27. Nd5 Bxd5 28. exd5 g6 29.
Nd4 Nfg4 30. Bxg4 Nxg4 31. Qf3 Nxe3 32. Qxe3 Bf6 33. Rf1 Re7 34. Qf4 Be5 35. Qxh4 Qc5 36. Qxe7 Qxd4+ 37. Kh1 Rf8 38. Rf3 Qe4 39. Rbf1 Qg4 40.
Rxf7 Rc8 41. Rf8+ 1-0

[Event "*** SCC Grand Prix: Titled Tuesday Blitz"]
[Site "Chess.com"]
[Date "2020.06.23"]
[Round "7"]
[White "cholzan"]
[Black "Konavets"]
[Result "0-1"]
[WhiteElo "2372"]
[BlackElo "2994"]
[TimeControl "180+1"]
[EndTime "11:17:38 PDT"]
[Termination "Konavets won by resignation"]

1. d4 Nf6 2. c4 g6 3. Nc3 Bg7 4. e4 d6 5. Nf3 O-O 6. Be2 Nc6 7. O-O e5 8. d5 Ne7 9. b4 Nd7 10. Ba3 a5 11. bxa5 h6 12. Bb4 f5 13. Nd2 h5 14.
a4 f4 15. Nb3 Nb8 16. c5 Na6 17. Ba3 Rf6 18. Nb5 Bh6 19. Bf3 h4 20. h3 g5 21. Rc1 Bf8 22. Nxc7 Nxc7 23. cxd6 Rxd6 24.
Bxd6 Qxd6 25. Bg4 Bxg4 26. Qxg4 Bh6 27. Qh5 Kg7 28. Rc3 Ne8 29. Rfc1 Nf6 30. Qf3 Rd8 31. Nc5 Kg6 32. Ne6 Ra8 33. g3 hxg3 34. fxg3 Rxa5 35. gxf4 exf4 36. h4 g4 37. Qd3 Qe5 38. Rc7 f3 39.
Kf2 Qh2+ 40. Ke1 Qg1+ 0-1

[Event "*** SCC Grand Prix: Titled Tuesday Blitz"]
[Site "Chess.com"]
[Date "2020.06.23"]
[Round "7"]
[White "MartinCerveny"]
[Black "Zq1"]
[Result "1-0"]
[WhiteElo "2670"]
[BlackElo "2503"]
[TimeControl "180+1"]
[EndTime "11:17:38 PDT"]
[Termination "MartinCerveny won by resignation"]

1. d4 Nf6 2. c4 a6 3. Nf3 c5 4. d5 b5 5. Nc3 b4 6. Na4 d6 7. Bg5 g6 8. g3 Bg7 9. Bg2 Bd7 10.
O-O Qa5 11. b3 Bxa4 12. bxa4 Ne4 13. h4 h6 14. Bf4 O-O 15. Rc1 Nd7 16. h5 g5 17. Bd2 Nxd2 18. Nxd2 Nb6 19. f4 Qxa4 20. Rc2 Qa3 21. Rf3 Qa4 22. fxg5 hxg5 23. g4 Be5 24.
Rf5 f6 25. Nf3 Nxc4 26. Qd3 Na3 27. Rc1 Rf7 28. h6 Raf8 29. Rxe5 dxe5 30. Qg6+ Kh8 31.
d6 exd6 32. Nd2 Qe8 33. Bd5 Rh7 34. Qf5 Rxh6 35. Ne4 Qg6 36. Nxd6 Qxf5 37. Nxf5 c4 38. Nxh6 Kh7 39. Nf5 Rd8 40. Bf7 Rd7 41. Be6 Rd2 42.
Kf2 Kg6 43. Rh1 1-0

[Event "*** SCC Grand Prix: Titled Tuesday Blitz"]
[Site "Chess.com"]
[Date "2020.06.23"]
[Round "7"]
[White "WildTricks"]
[Black "WelshTiger"]
[Result "1-0"]
[WhiteElo "2486"]
[BlackElo "2362"]
[TimeControl "180+1"]
[EndTime "11:17:38 PDT"]
[Termination "WildTricks won on time"]

1. e4 c5 2. Nf3 Nc6 3. d4 cxd4 4. Nxd4 Nf6 5. Nc3 d6 6. Bg5 Bd7 7. Qd2 Rc8 8. O-O-O Nxd4 9. Qxd4 Qa5 10. Bd2 a6 11.
Kb1 Qc5 12. Qxc5 Rxc5 13. f3 h5 14. Be3 Rc8 15. Bd4 b5 16. a4 b4 17. Bxf6 gxf6 18.
Nd5 Rc5 19. Bxa6 Bxa4 20. Nxb4 f5 21. b3 Bd7 22. exf5 Bxf5 23. Bd3 Be6 24. c4 Bg7 25. Be4 Kd7 26. Kc2 Rb8 27. Na6 Rcc8 28. Nxb8+ Rxb8 29. h3 h4 30. f4 Rb6 31. f5 Ra6 32. fxe6+ fxe6 33.
Kd3 Ra2 34. Rb1 d5 35. cxd5 exd5 36. Bxd5 Kd6 37. Bf3 Bh6 38. Rhd1 Ke5 39. Kc4 Rc2+ 40.
Kb5 Kf4 41. b4 Kg3 42. Kb6 Be3+ 43. Ka6 Ra2+ 44. Kb7 e5 45. b5 Kf4 46. b6 e4 47.
Bxe4 Kxe4 48. Re1 Kd4 49. Rxe3 Kxe3 50. Kc7 Rc2+ 51. Kd7 Rd2+ 52. Ke7 Ra2 53. b7 Ra7 54. Kf6 Ra6+ 55. Kg5 Ra5+ 56. Kxh4 Ra4+ 57. Kg3 1-0

[Event "*** SCC Grand Prix: Titled Tuesday Blitz"]
[Site "Chess.com"]
[Date "2020.06.23"]
[Round "7"]
[White "Dr-Bassem"]
[Black "Herracek"]
[Result "1-0"]
[WhiteElo "2802"]
[BlackElo "2587"]
[TimeControl "180+1"]
[EndTime "11:17:39 PDT"]
[Termination "Dr-Bassem won by resignation"]

1. e4 c5 2. Nf3 Nc6 3. g3 g6 4. Bg2 Bg7 5. O-O d6 6. c3 Bg4 7. h3 Bd7 8. d4 Qc8 9. Kh2 h5 10. Be3 h4 11. Nxh4 cxd4 12. cxd4 Nf6 13. Nc3 Rh5 14. Nd5 Nxd5 15. exd5 Nb4 16. Rc1 Qd8 17.
Qb3 Qb6 18. a3 Na6 19. Qxb6 axb6 20. Rfe1 Kf8 21. Bf3 Rh8 22. Bg4 Bxg4 23. hxg4 g5 24. Bxg5 Bxd4 25. Bxe7+ Kg8 26. Rc2 Nc5 27. Kg2 Re8 28.
Nf5 Bxf2 29. Rxf2 Nd3 30. Ref1 Nxf2 31. Rxf2 Rh7 32. g5 Rh5 33. g4 Rh7 34. Bxd6 Re4 35. Nh6+ Kg7 36. Rf5 Kg6 37. Kf3 Rd4 38. Bf4 Rg7 39.
Rf6+ Kh7 40. Nf5 Rxd5 41. Rh6+ Kg8 42. Ne7+ 1-0

[Event "*** SCC Grand Prix: Titled Tuesday Blitz"]
[Site "Chess.com"]
[Date "2020.06.23"]
[Round "7"]
[White "Artyom_ChessMate"]
[Black "andriipalchuk"]
[Result "1-0"]
[WhiteElo "2517"]
[BlackElo "2371"]
[TimeControl "180+1"]
[EndTime "11:17:39 PDT"]
[Termination "Artyom_ChessMate won on time"]

1. e4 c6 2. d4 d5 3. exd5 cxd5 4. Bd3 Nf6 5. c3 Nc6 6. Bf4 g6 7. Nf3 Bg7 8. Ne5 O-O 9. O-O Bf5 10. h3 Rc8 11.
Bxf5 gxf5 12. Qb3 Na5 13. Qd1 e6 14. Nd2 Ne4 15. Nd3 Kh8 16. Kh1 Nc6 17. Qe2 Ne7 18. Bh2 Ng6 19. Nf3 f6 20. Rg1 b6 21. g4 fxg4 22.
Rxg4 Ne7 23. Rag1 Nf5 24. Nh4 Nxh4 25. Rxh4 Qe8 26. Nf4 Qf7 27. Rg2 Ng5 28. Nh5 Rg8 29. Bf4 Ne4 30. f3 Ng5 31. Qe3 h6 32. Nxg7 Kxg7 33. Bxg5 hxg5 34. Rhg4 Kf8 35. f4 1-0

[Event "*** SCC Grand Prix: Titled Tuesday Blitz"]
[Site "Chess.com"]
[Date "2020.06.23"]
[Round "7"]
[White "m_ezat"]
[Black "seorobert1971"]
[Result "0-1"]
[WhiteElo "2547"]
[BlackElo "2701"]
[TimeControl "180+1"]
[EndTime "11:17:40 PDT"]
[Termination "seorobert1971 won on time"]

1. d4 Nf6 2. c4 g6 3. Nc3 d5 4. Bg5 Ne4 5. cxd5 Nxg5 6. h4 Ne4 7. Nxe4 Qxd5 8. Qd3 Bg7 9. Nf3 O-O 10. h5 Bf5 11.
Nc3 Qa5 12. e4 Bg4 13. hxg6 hxg6 14. e5 Nc6 15. Qe4 Bxf3 16. gxf3 Rfd8 17. e6 f5 18. Qh4 Nxd4 19. Be2 Nxe6 20. Bc4 Kf8 21.
Kf1 Rd4 22. Qh7 Rxc4 23. Qxg6 Nf4 24. Qg5 Rxc3 25. Qxf4 Rc6 26. Re1 Qb5+ 27. Kg2 Rg6+ 28. Kh3 Kf7 29. Qh4 Rh8 30. Rxe7+ Kf8 31. Qxh8+ Bxh8 32.
Rhe1 Qc6 0-1

[Event "*** SCC Grand Prix: Titled Tuesday Blitz"]
[Site "Chess.com"]
[Date "2020.06.23"]
[Round "7"]
[White "Paladin61"]
[Black "Susal_De_Silva"]
[Result "1-0"]
[WhiteElo "2548"]
[BlackElo "2384"]
[TimeControl "180+1"]
[EndTime "11:17:40 PDT"]
[Termination "Paladin61 won by resignation"]

1. b3 e5 2. Bb2 Nc6 3. e3 d6 4. Ne2 g6 5. d4 Bg7 6. Nbc3 Nge7 7. dxe5 Nxe5 8. Qd2 a5 9. a4 O-O 10. f4 N5c6 11.
g3 Nf5 12. Bg2 Re8 13. e4 Nfd4 14. Nxd4 Bxd4 15. O-O-O Bg7 16. Nd5 Bxb2+ 17. Kxb2 Be6 18. h4 h5 19. Qc3 Bxd5 20. Rxd5 Nb4 21. Rg5 Ra6 22.
Bf1 Rc6 23. Bc4 d5 24. exd5 Rd6 25. g4 hxg4 26. h5 Qf6 27. Re5 Red8 28. hxg6 fxg6 29. Rg1 Qxf4 30. Re7 Qf6 31. Rxc7 Qe5 32. Qxe5 1-0

[Event "*** SCC Grand Prix: Titled Tuesday Blitz"]
[Site "Chess.com"]
[Date "2020.06.23"]
[Round "7"]
[White "kingofkolkata"]
[Black "AlanTate"]
[Result "1-0"]
[WhiteElo "2223"]
[BlackElo "2351"]
[TimeControl "180+1"]
[EndTime "11:17:40 PDT"]
[Termination "kingofkolkata won on time"]

1. d4 d5 2. c4 c6 3. Nc3 Nf6 4. e3 e6 5. Nf3 Nbd7 6. Nd2 Be7 7. g3 O-O 8. Bg2 Re8 9. O-O a6 10. e4 dxe4 11. Ndxe4 Nxe4 12. Nxe4 Nf6 13. Nc3 Bd6 14. Re1 h6 15. Qf3 Qc7 16. Bxh6 gxh6 17. Qxf6 Bf8 18. Rad1 Bd7 19. Be4 Bg7 20. Qh4 Qb6 21. Na4 Qd8 22. Qh5 Qg5 23. Qf3 Rad8 24. Nc5 Bc8 25. Bb1 Bxd4 26.
Ne4 Qg7 27. Rxd4 Qxd4 28. Nf6+ Kg7 29. Nxe8+ Rxe8 30. Re4 Qxb2 31. Rg4+ Kf8 32. Bg6 Re7 33. Bh7 f5 34. Rg8+ Kf7 35. Qh5+ Kf6 36. Qxh6+ Ke5 37. Qf4+ Kf6 38. Qh4+ Ke5 39. Qxe7 Qc1+ 40. Kg2 1-0

[Event "*** SCC Grand Prix: Titled Tuesday Blitz"]
[Site "Chess.com"]
[Date "2020.06.23"]
[Round "7"]
[White "diamonds13"]
[Black "Alexandercs432"]
[Result "1/2-1/2"]
[WhiteElo "2253"]
[BlackElo "2103"]
[TimeControl "180+1"]
[EndTime "11:17:40 PDT"]
[Termination "Game drawn by repetition"]

1. d4 d5 2. c4 e5 3. dxe5 d4 4. Nf3 Nc6 5. g3 Nge7 6. Bg2 Ng6 7. Nbd2 Ngxe5 8. O-O Be7 9. a3 a5 10. b3 O-O 11.
Bb2 Nxf3+ 12. Nxf3 Bf6 13. Qd3 Qd6 14. Rad1 Rd8 15.
Nd2 Ne5 16. Qb1 c5 17. b4 axb4 18. axb4 g6 19. Ne4 Qe7 20. bxc5 Nxc4 21. Nxf6+ Qxf6 22. e3 Nxb2 23. Qxb2 Bg4 24. Rxd4 Rdb8 25. Qb3 Be6 26. Qb4 Qe7 27. Rfd1 Ra2 28. Qb6 Rc2 29. Qd6 Re8 30. Rb4 Rxc5 31. Qxe7 Rxe7 32. Rxb7 Rxb7 33. Bxb7 Rc7 34.
Bf3 h5 35. h4 Kg7 36. Kg2 Ra7 37. Rd6 Re7 38. Be2 Ra7 39. Bd3 Ra3 40. Be4 Rc3 41.
Bf3 Ra3 42. Rb6 Rc3 43. Rb7 Ra3 44. Be2 Rc3 45. Bf3 Rd3 46. Be4 Ra3 47. Bc6 Rc3 48. Bf3 1/2-1/2

[Event "*** SCC Grand Prix: Titled Tuesday Blitz"]
[Site "Chess.com"]
[Date "2020.06.23"]
[Round "7"]
[White "Shahinyan_ChessMood"]
[Black "MateSchmate"]
[Result "1/2-1/2"]
[WhiteElo "2604"]
[BlackElo "2473"]
[TimeControl "180+1"]
[EndTime "11:17:41 PDT"]
[Termination "Game drawn by repetition"]

1. e4 e6 2. d3 d5 3. Nd2 Nf6 4. Ngf3 Bc5 5. e5 Nfd7 6. d4 Be7 7. Bd3 c5 8. c3 Nc6 9. O-O g5 10. Qe2 g4 11. Ne1 cxd4 12. cxd4 h5 13. Nc2 f5 14.
exf6 Nxf6 15. Bg6+ Kf8 16. f3 Kg7 17. Bd3 Qb6 18. Qe3 e5 19. fxg4 Nxg4 20. Qf3 Rf8 21. Qxd5 Rxf1+ 22. Nxf1 Nxd4 23. Be3 Be6 24. Qe4 Bf5 25.
Qxf5 Nxf5 26. Bxb6 axb6 27. b4 Nd4 28. Nxd4 exd4 29.
b5 Ra3 30. Be4 d3 31. g3 Bc5+ 32. Kg2 Bd4 33. Rd1 Rxa2+ 34. Rd2 Ne3+ 35. Kf3 Rxd2 36. Nxd2 Ng4 37. h3 Ne5+ 38. Kf4 Kf6 39. Nf3 Nxf3 40.
Bxf3 d2 41. Bxh5 Be5+ 42. Ke3 Bxg3 43. Kxd2 Ke5 44. Bf3 Kd4 45. Bxb7 Kc5 46. Bc6 Kd4 47. Ke2 Ke5 48. Kf3 Be1 49. Kg4 Kf6 50. h4 Kg7 51. h5 Kh8 52. Bf3 Bf2 53. Kf5 Bc5 54. Ke6 Kg7 55. Kd7 Kh8 56. Kc6 Kg7 57. Kd5 Kf6 58.
Kc6 Kf5 59. Kd5 Kf6 60. Be4 Kg7 61. Bg6 Kh8 62. Ke6 Kg7 63. Kf5 Kh8 64. Ke4 Kg7 65.
Kd5 Kh8 66. Be4 Kg7 67. Bf3 Kh8 68. Ke4 Kg7 69. Kf5 Kh8 70. Kg6 Kg8 71. h6 Kh8 72. h7 Bg1 73. Be4 Bc5 74. Kf5 Bg1 75.
Ke6 Bc5 76. Kd5 Bg1 77. Kc6 Bc5 78. Kd5 Bg1 79. Kc6 Bc5 80. Kd5 1/2-1/2

[Event "*** SCC Grand Prix: Titled Tuesday Blitz"]
[Site "Chess.com"]
[Date "2020.06.23"]
[Round "7"]
[White "aa175"]
[Black "Sashadav97"]
[Result "0-1"]
[WhiteElo "2400"]
[BlackElo "2595"]
[TimeControl "180+1"]
[EndTime "11:17:41 PDT"]
[Termination "Sashadav97 won on time"]

1. d4 d5 2. Bf4 Bf5 3. e3 e6 4.
Nf3 Nf6 5. c4 Bxb1 6. Qxb1 Bb4+ 7. Kd1 c6 8. a3 Bd6 9. c5 Bc7 10. b4 O-O 11. Bd3 Nbd7 12. Ne5 g6 13. Nxd7 Nxd7 14.
Bxc7 Qxc7 15. f4 Rae8 16. Kd2 Re7 17. Qe1 f6 18. Qg3 e5 19. Rhf1 e4 20. Be2 b6 21.
Rfb1 bxc5 22. bxc5 Qa5+ 23. Kd1 Rb8 24. Rxb8+ Nxb8 25. f5 Qc3 26. Qxb8+ Kg7 27. Rb1 Qxe3 28. Rb7 Qxd4+ 29.
Ke1 Qg1+ 30. Bf1 Qe3+ 31. Be2 Qxc5 32. Rxe7+ Qxe7 33. fxg6 hxg6 34. Ba6 Kh6 35. Qh8+ Kg5 36. Bc8 Kf4 37. Qh3 Ke5 38. Qg3+ Kd4 39. Kd2 e3+ 40. Ke2 Qe4 41. Qg4 Qxg4+ 42. Bxg4 Kc3 43. Kxe3 d4+ 44. Kf2 d3 45. Bd1 Kd2 46. Bb3 Kc1 47.
h4 d2 48. Ke2 c5 49. Bd1 f5 50.
g3 c4 51. Ba4 c3 52. Kd3 d1=Q+ 53. Bxd1 Kxd1 54. Kxc3 Ke2 55. Kd4 Kf3 56. Kc5 Kxg3 57. Kc6 f4 0-1

[Event "*** SCC Grand Prix: Titled Tuesday Blitz"]
[Site "Chess.com"]
[Date "2020.06.23"]
[Round "7"]
[White "boasovietica"]
[Black "imdarealist"]
[Result "1/2-1/2"]
[WhiteElo "2446"]
[BlackElo "2315"]
[TimeControl "180+1"]
[EndTime "11:17:41 PDT"]
[Termination "Game drawn by repetition"]

1. e4 e5 2. Nf3 Nf6 3. Nc3 Bb4 4. Bc4 O-O 5. O-O Bxc3 6. dxc3 d6 7. Nd2 Re8 8. Qe2 Be6 9. Bxe6 fxe6 10. c4 Nbd7 11. Nb1 a5 12. Nc3 Nc5 13. b3 Qd7 14. f3 Nh5 15.
Be3 Qc6 16. Qf2 b6 17. Qh4 g6 18. Bh6 Rad8 19. a4 Rd7 20. Rad1 Rf7 21. g3 Nd7 22. Be3 Ref8 23. Kg2 Kg7 24. Qg5 Ndf6 25. g4 Nf4+ 26. Bxf4 exf4 27. Qb5 Qb7 28. h3 Nd7 29. Qg5 Ne5 30.
Qh4 h6 31. Qf2 g5 32. h4 Ng6 33. h5 Ne5 34. Rd2 Re8 35. Rfd1 Rfe7 36. Kh3 Kf7 37.
Qd4 Nc6 38. Qf2 Ne5 39. Nb5 Rf8 40. Nd4 Rfe8 41. Ne2 Kg8 42. Nc1 Rf7 43. Nd3 Nc6 44.
Nc1 Ne5 45. Nd3 Nc6 46. Nc1 Ne5 1/2-1/2

[Event "*** SCC Grand Prix: Titled Tuesday Blitz"]
[Site "Chess.com"]
[Date "2020.06.23"]
[Round "7"]
[White "Colombiano07"]
[Black "MasterKroket"]
[Result "1-0"]
[WhiteElo "2237"]
[BlackElo "2385"]
[TimeControl "180+1"]
[EndTime "11:17:42 PDT"]
[Termination "Colombiano07 won by resignation"]

1. Nf3 Nf6 2. b3 d6 3. d4 g6 4. Bb2 Bg7 5. e3 O-O 6. Be2 Nbd7 7. O-O c5 8. c4 cxd4 9. exd4 d5 10. Nc3 dxc4 11. bxc4 b6 12. Ng5 h6 13. Nge4 Nxe4 14. Nxe4 Bb7 15. Bf3 Rc8 16. Rc1 Qc7 17. Ba3 Nf6 18.
Re1 Rfd8 19. Bb2 Ba6 20. Qa4 Bxc4 21. Nxf6+ Bxf6 22. Be2 b5 23. Qb4 a5 24. Qd2 Qb6 25.
Bc3 Bxe2 26. Bxa5 Qxd4 27. Qxd4 Bxd4 28. Bxd8 Rxd8 29. Rxe2 e5 30. Rb1 Rc8 31. g3 Rc5 32.
Kg2 f6 33. a4 bxa4 34. Rb7 a3 35. f4 Kf8 36. fxe5 fxe5 37. Kf3 Ke8 38. Ke4 Kd8 39. Rg7 Ra5 40. Ra2 Bb2 41. Rxg6 Ke7 42.
Rxh6 Kf7 43. Rb6 Ra4+ 44. Kf5 Bd4 45. Rb7+ Ke8 46. g4 Kd8 47. g5 Kc8 48. Rb3 Bc5 49. g6 Ra7 50. Rc3 Rc7 51. g7 Rxg7 52. Rxc5+ Kd7 53. Rxe5 Rh7 54. Re3 Rh5+ 55. Kg4 1-0

[Event "*** SCC Grand Prix: Titled Tuesday Blitz"]
[Site "Chess.com"]
[Date "2020.06.23"]
[Round "7"]
[White "topotun"]
[Black "Vaathi_Coming"]
[Result "0-1"]
[WhiteElo "2703"]
[BlackElo "2858"]
[TimeControl "180+1"]
[EndTime "11:17:43 PDT"]
[Termination "Vaathi_Coming won on time"]

1. e4 c5 2. Nf3 e6 3. d4 cxd4 4.
Nxd4 Nc6 5. Nc3 d6 6. Be3 Nf6 7. Be2 Be7 8. f4 O-O 9. g4 Nxd4 10. Qxd4 e5 11. Qd1 Qa5 12. Bf3 exf4 13. Bxf4 Be6 14. g5 Nd7 15. Qd2 f6 16. Bxd6 Ne5 17. Bxe5 fxe5 18. Be2 Bb4 19. a3 Rad8 20. Bd3 Rc8 21. Rb1 Bxc3 22. bxc3 Rxc3 23. a4 Qc7 24. Rf1 Rd8 25.
Rxb7 Rcxd3 26. Qxd3 Qa5+ 27. Ke2 Rxd3 28. cxd3 Qd8 29.
h4 Bg4+ 30. Kd2 h6 31. Rfb1 hxg5 32. Rb8 Bc8 0-1

[Event "*** SCC Grand Prix: Titled Tuesday Blitz"]
[Site "Chess.com"]
[Date "2020.06.23"]
[Round "7"]
[White "LionTheLeon_06"]
[Black "dey2580"]
[Result "1-0"]
[WhiteElo "2701"]
[BlackElo "2549"]
[TimeControl "180+1"]
[EndTime "11:17:43 PDT"]
[Termination "LionTheLeon_06 won on time"]

1. Nf3 Nf6 2. g3 b6 3. Bg2 Bb7 4. O-O g6 5. b3 Bg7 6. Bb2 O-O 7. c4 c5 8. d4 cxd4 9. Nxd4 Bxg2 10. Kxg2 Qc8 11.
Nc3 Qb7+ 12. f3 d5 13. cxd5 Nxd5 14. Nxd5 Qxd5 15. e4 Qb7 16. Rc1 Rd8 17. Qc2 Bxd4 18.
Bxd4 Rxd4 19. Qc8+ Qxc8 20. Rxc8+ Kg7 21. Rf2 b5 22.
Rfc2 a5 23. Kh3 a4 24. e5 axb3 25. axb3 Rd3 26. f4 h5 27. Re8 Rd7 28. Rcc8 f5 29.
Rg8+ Kf7 30. Rgf8+ Ke6 31. Rxb8 Rxb8 32. Rxb8 Rd5 33. Rb6+ Kf7 34. Kh4 Rd2 35. h3 Rd5 36. b4 Rd3 37. Rxb5 Ke6 38. Rb8 Rb3 39. b5 Kd5 40.
Rg8 Rxb5 41. Rxg6 Ke4 42. Kxh5 Kf3 43. h4 Rb4 44. Kh6 1-0

[Event "*** SCC Grand Prix: Titled Tuesday Blitz"]
[Site "Chess.com"]
[Date "2020.06.23"]
[Round "7"]
[White "HanSchut"]
[Black "MrChampion_Coach"]
[Result "0-1"]
[WhiteElo "2212"]
[BlackElo "2436"]
[TimeControl "180+1"]
[EndTime "11:17:43 PDT"]
[Termination "MrChampion_Coach won by resignation"]

1. e4 c5 2. Nf3 d6 3. d4 cxd4 4. Nxd4 Nf6 5. f3 Nc6 6. c4 g6 7. Be3 Bg7 8. Qd2 O-O 9. Nc3 Nxd4 10. Bxd4 Be6 11. Rc1 Rc8 12. b3 a6 13. Be2 Qa5 14. O-O Nd7 15. Be3 Rfe8 16. Rc2 b5 17. Nd5 Qxd2 18.
Rxd2 Bxd5 19. Rxd5 b4 20. Rfd1 Nc5 21. Kf2 a5 22. R1d2 Bc3 23. Rd1 Rc6 24. Bd4 Bxd4+ 25. R5xd4 Ra8 26. Ke3 a4 27. Rb1 axb3 28. axb3 Ra3 29.
Bd1 Ra2 30. Rd2 Rca6 31. Rbb2 Ra1 32. Be2 Rg1 33. Kf2 Raa1 34. g4 Rh1 35. h4 Rxh4 36. Bf1 Rh1 37. Be2 Rhc1 38. Ke3 Re1 39. Kf2 Rh1 40.
Kg2 Rhc1 41. Kf2 Ne6 42. Ke3 g5 43. Rd5 f6 44. c5 Rxc5 45. Rd4 Nxd4 46. Kxd4 e5+ 47.
Kd3 Rc3+ 48. Kd2 Kf8 49. Bc4 Ke7 50. Bd5 Rxf3 0-1